General information
- name: BNet
- type: Ladder team game (AT/RT)
- host: Battle.net
- saver: new.user.name
map: Cherryville
- players: 8
- length: 29:59
- speed: Fast
- version: 1.28 W3XP
- replay type: Public
» download(167 KB)
Players
team 1 (winner)
virgin-noob (
green | 92 APM | 1002 actions | 10:53)
3 Archmage
2 Summon Water Elemental
1 Brilliance Aura
» actions
| Assign group hotkey | 45 | |
| Basic commands | 83 | |
| Build / train | 69 | |
| ESC pressed | 1 | |
| Enter build submenu | 23 | |
| Enter hero's abilities submenu | 3 | |
| Right click | 355 | |
| Select / deselect | 250 | |
| Select group hotkey | 118 | |
| Use ability | 55 | |
1002 total
» units
| Peasant | 25 | |
| Footman | 3 | |
| Siege Engine | 5 | |
33 total
» upgrades
» buildings
| Altar of Kings | 1 | |
| Barracks | 1 | |
| Farm | 3 | |
| Scout Tower | 6 | |
| Arcane Tower | 5 | |
| Lumber Mill | 1 | |
| Town Hall | 1 | |
| Keep | 4 | |
| Arcane Vault | 1 | |
| Guard Tower | 10 | |
| Castle | 4 | |
| Blacksmith | 1 | |
| Workshop | 5 | |
43 total
» build order
00:11 Altar of Kings
00:23 Barracks
00:36 Farm
00:57 Farm
01:37 Scout Tower
01:57 Farm
02:03 Arcane Tower
02:03 Arcane Tower
02:03 Arcane Tower
02:18 Lumber Mill
03:26 Town Hall
04:02 Keep
04:02 Keep
04:02 Keep
04:40 Scout Tower
04:41 Scout Tower
04:43 Scout Tower
04:44 Scout Tower
04:57 Arcane Vault
05:13 Guard Tower
05:35 Guard Tower
05:37 Guard Tower
05:37 Guard Tower
06:18 Scout Tower
06:39 Castle
06:39 Castle
06:49 Arcane Tower
06:50 Arcane Tower
07:34 Blacksmith
08:52 Workshop
08:53 Workshop
08:53 Workshop
08:59 Workshop
09:03 Workshop
» items
| Scroll of Regeneration | 2 | |
| Lesser Clarity Potion | 1 | |
3 total
new.user.name (
orange | 123 APM | 3695 actions | 29:59)
8 Archmage
3 Summon Water Elemental
3 Brilliance Aura
1 Mass Teleport
1 Blizzard
» actions
| Assign group hotkey | 137 | |
| Basic commands | 48 | |
| Build / train | 169 | |
| ESC pressed | 2 | |
| Enter build submenu | 56 | |
| Enter hero's abilities submenu | 8 | |
| Give item / drop item | 3 | |
| Right click | 1128 | |
| Select / deselect | 422 | |
| Select group hotkey | 1408 | |
| Use ability | 314 | |
3695 total
» units
| Peasant | 14 | |
| Footman | 7 | |
| Goblin Shredder | 2 | |
| Gryphon Rider | 4 | |
| Dragonhawk Rider | 5 | |
| Priest | 5 | |
| Rifleman | 4 | |
| Spell Breaker | 3 | |
| Sorceress | 4 | |
48 total
» upgrades
| Swords | 3 | |
| Masonry | 6 | |
| Animal War Training | 1 | |
| Armor | 4 | |
| Storm Hammers | 1 | |
| Priest Training | 2 | |
| Gunpowder | 3 | |
| Sorceress Training | 2 | |
| Long Rifles | 1 | |
| Cloud | 1 | |
| Lumber Harvesting | 2 | |
| Control Magic | 1 | |
| Plating | 3 | |
30 total
» buildings
| Altar of Kings | 1 | |
| Barracks | 1 | |
| Farm | 15 | |
| Lumber Mill | 1 | |
| Arcane Vault | 1 | |
| Blacksmith | 1 | |
| Keep | 2 | |
| Town Hall | 1 | |
| Scout Tower | 28 | |
| Castle | 4 | |
| Gryphon Aviary | 2 | |
| Arcane Tower | 2 | |
| Guard Tower | 33 | |
| Arcane Sanctum | 2 | |
94 total
» build order
01:04 Altar of Kings
01:08 Barracks
01:13 Farm
01:20 Farm
01:29 Farm
01:54 Lumber Mill
02:15 Arcane Vault
02:30 Farm
02:47 Blacksmith
03:53 Keep
04:45 Town Hall
04:56 Scout Tower
06:24 Castle
06:24 Castle
06:24 Castle
06:29 Gryphon Aviary
07:16 Arcane Tower
07:17 Arcane Tower
07:19 Scout Tower
07:20 Scout Tower
07:21 Scout Tower
07:21 Scout Tower
07:25 Scout Tower
07:40 Gryphon Aviary
07:50 Guard Tower
07:56 Guard Tower
07:56 Guard Tower
08:20 Scout Tower
08:21 Scout Tower
08:23 Scout Tower
08:37 Scout Tower
08:59 Guard Tower
08:59 Guard Tower
08:59 Guard Tower
09:07 Scout Tower
09:09 Guard Tower
09:33 Farm
09:38 Farm
09:43 Guard Tower
09:43 Guard Tower
09:44 Guard Tower
09:44 Guard Tower
09:47 Arcane Sanctum
10:38 Scout Tower
10:39 Scout Tower
11:06 Scout Tower
11:06 Scout Tower
11:07 Scout Tower
11:08 Scout Tower
11:11 Scout Tower
11:14 Guard Tower
11:14 Guard Tower
11:14 Guard Tower
11:23 Scout Tower
11:24 Scout Tower
11:26 Scout Tower
12:03 Farm
12:08 Farm
12:13 Arcane Sanctum
12:18 Guard Tower
12:18 Guard Tower
13:14 Guard Tower
13:14 Guard Tower
13:15 Guard Tower
13:17 Scout Tower
13:17 Scout Tower
13:18 Scout Tower
13:19 Scout Tower
13:22 Scout Tower
13:23 Scout Tower
13:24 Scout Tower
13:35 Farm
14:00 Farm
14:36 Farm
17:17 Guard Tower
17:18 Guard Tower
17:18 Guard Tower
17:18 Guard Tower
23:28 Farm
24:44 Farm
24:46 Farm
24:47 Farm
» items
| Scroll of Regeneration | 5 | |
| Mechanical Critter | 3 | |
| Dust of Appearance | 1 | |
| Staff of Sanctuary | 1 | |
10 total
mexicat (
yellow | 35 APM | 383 actions | 10:52)
3 Dark Ranger
2 Black Arrow
1 Life Drain
» actions
| Assign group hotkey | 22 | |
| Basic commands | 1 | |
| Build / train | 23 | |
| Enter build submenu | 12 | |
| Enter hero's abilities submenu | 3 | |
| Right click | 150 | |
| Select / deselect | 124 | |
| Select group hotkey | 26 | |
| Use ability | 22 | |
383 total
» units
» upgrades
| Hippogryph Taming | 1 | |
| Ultravision | 1 | |
2 total
» buildings
| Moon Well | 4 | |
| Altar of Elders | 1 | |
| Ancient of War | 1 | |
| Tree of Ages | 1 | |
| Ancient of Wonders | 1 | |
| Hunter's Hall | 1 | |
| Ancient of Wind | 1 | |
| Tree of Eternity | 1 | |
| Chimaera Roost | 2 | |
13 total
» build order
00:12 Moon Well
00:19 Altar of Elders
01:13 Ancient of War
01:27 Moon Well
02:44 Tree of Ages
03:02 Moon Well
03:55 Ancient of Wonders
04:01 Moon Well
04:36 Hunter's Hall
05:42 Ancient of Wind
06:25 Tree of Eternity
09:47 Chimaera Roost
09:50 Chimaera Roost
» items
ambien (
teal | 43 APM | 467 actions | 10:46)
2 Mountain King
1 Storm Bolt
1 Bash
» actions
| Assign group hotkey | 7 | |
| Build / train | 27 | |
| Enter build submenu | 17 | |
| Enter hero's abilities submenu | 2 | |
| Right click | 212 | |
| Select / deselect | 139 | |
| Select group hotkey | 36 | |
| Use ability | 27 | |
467 total
» units
| Peasant | 9 | |
| Footman | 3 | |
| Rifleman | 3 | |
15 total
» upgrades
» buildings
| Altar of Kings | 1 | |
| Farm | 4 | |
| Barracks | 1 | |
| Arcane Vault | 1 | |
| Lumber Mill | 1 | |
| Scout Tower | 3 | |
| Guard Tower | 1 | |
| Arcane Tower | 1 | |
| Blacksmith | 1 | |
| Keep | 1 | |
| Town Hall | 1 | |
| Workshop | 2 | |
| Castle | 1 | |
19 total
» build order
00:11 Altar of Kings
00:17 Farm
00:28 Barracks
01:12 Arcane Vault
01:33 Lumber Mill
01:40 Scout Tower
01:53 Farm
02:39 Guard Tower
03:01 Farm
03:51 Scout Tower
04:06 Scout Tower
04:08 Arcane Tower
05:39 Blacksmith
06:08 Keep
07:39 Farm
08:43 Town Hall
09:33 Workshop
09:52 Castle
09:58 Workshop
» items
| Scroll of Regeneration | 2 | |
| Lesser Clarity Potion | 1 | |
| Boots of Speed | 1 | |
4 total
team 2 (loser)
ArchFuri (
pink | 51 APM | 1439 actions | 28:12)
5 Keeper of the Grove
3 Entangling Roots
2 Force of Nature
3 Priestess of the Moon
2 Trueshot Aura
1 Searing Arrows
» actions
| Assign group hotkey | 29 | |
| Basic commands | 2 | |
| Build / train | 58 | |
| Enter build submenu | 15 | |
| Enter hero's abilities submenu | 8 | |
| Give item / drop item | 1 | |
| Right click | 909 | |
| Select / deselect | 203 | |
| Select group hotkey | 166 | |
| Use ability | 48 | |
1439 total
» units
| Wisp | 12 | |
| Archer | 12 | |
| Hippogryph | 15 | |
39 total
» upgrades
| Strength of the Moon | 2 | |
| Improved Bows | 1 | |
| Hippogryph Taming | 1 | |
| Moon Armor | 1 | |
| Marksmanship | 1 | |
6 total
» buildings
| Altar of Elders | 1 | |
| Moon Well | 6 | |
| Ancient of War | 1 | |
| Ancient of Wonders | 1 | |
| Tree of Ages | 1 | |
| Hunter's Hall | 1 | |
| Ancient Protector | 1 | |
| Ancient of Wind | 1 | |
| Tree of Eternity | 1 | |
| Chimaera Roost | 1 | |
| Tree of Life | 2 | |
17 total
» build order
00:09 Altar of Elders
00:18 Moon Well
00:50 Ancient of War
01:39 Moon Well
02:09 Ancient of Wonders
03:29 Tree of Ages
03:40 Moon Well
03:51 Hunter's Hall
05:28 Ancient Protector
06:15 Ancient of Wind
07:45 Moon Well
07:54 Moon Well
08:04 Moon Well
11:39 Tree of Eternity
16:56 Chimaera Roost
18:48 Tree of Life
21:27 Tree of Life
» items
| Potion of Lesser Invulnerability | 1 | |
1 total
Ratfink (
blue | 43 APM | 1285 actions | 29:33)
5 Blademaster
3 Wind Walk
2 Critical Strike
» actions
| Assign group hotkey | 56 | |
| Basic commands | 141 | |
| Build / train | 50 | |
| Enter build submenu | 39 | |
| Enter hero's abilities submenu | 5 | |
| Give item / drop item | 3 | |
| Right click | 535 | |
| Select / deselect | 256 | |
| Select group hotkey | 102 | |
| Use ability | 98 | |
1285 total
» units
| Peon | 8 | |
| Grunt | 4 | |
| Goblin Shredder | 2 | |
| Goblin Sapper | 5 | |
| Wind Rider | 3 | |
22 total
» upgrades
| Reinforced Defenses | 1 | |
| Troll Regeneration | 1 | |
| Ranged Weapons | 3 | |
| Armor | 3 | |
| Liquid Fire | 1 | |
| Envenomed Spears | 1 | |
10 total
» buildings
| Orc Burrow | 4 | |
| Altar of Storms | 1 | |
| Barracks | 1 | |
| Voodoo Lounge | 2 | |
| War Mill | 2 | |
| Great Hall | 2 | |
| Stronghold | 1 | |
| Watch Tower | 25 | |
| Fortress | 1 | |
| Spirit Lodge | 1 | |
| Beastiary | 4 | |
44 total
» build order
00:22 Orc Burrow
01:01 Altar of Storms
01:03 Barracks
01:18 Orc Burrow
01:55 Voodoo Lounge
01:58 Voodoo Lounge
02:50 War Mill
04:51 Orc Burrow
04:56 Orc Burrow
05:02 Great Hall
05:13 Stronghold
05:58 Watch Tower
05:58 Watch Tower
06:31 Watch Tower
06:31 Watch Tower
06:32 Watch Tower
07:46 Watch Tower
07:53 Fortress
08:27 Spirit Lodge
09:27 Beastiary
09:29 Beastiary
09:39 Watch Tower
09:39 Watch Tower
09:42 Watch Tower
09:45 Watch Tower
09:51 Beastiary
09:55 Beastiary
11:48 War Mill
12:44 Great Hall
12:48 Watch Tower
12:49 Watch Tower
12:49 Watch Tower
12:50 Watch Tower
12:50 Watch Tower
12:50 Watch Tower
12:58 Watch Tower
12:59 Watch Tower
13:04 Watch Tower
13:05 Watch Tower
13:06 Watch Tower
13:07 Watch Tower
13:08 Watch Tower
14:27 Watch Tower
14:28 Watch Tower
» items
| Healing Salve | 4 | |
| Lesser Clarity Potion | 2 | |
| Orb of Lightning | 1 | |
| Staff of Teleportation | 1 | |
| Potion of Lesser Invulnerability | 2 | |
10 total
DOLLY-PARTON (
red | 47 APM | 1405 actions | 29:58)
3 Blademaster
2 Wind Walk
1 Critical Strike
» actions
| Assign group hotkey | 25 | |
| Basic commands | 156 | |
| Build / train | 46 | |
| Enter build submenu | 17 | |
| Enter hero's abilities submenu | 3 | |
| Give item / drop item | 1 | |
| Remove unit from queue | 1 | |
| Right click | 459 | |
| Select / deselect | 170 | |
| Select group hotkey | 474 | |
| Use ability | 52 | |
1405 total
» units
| Peon | 12 | |
| Troll Batrider | 7 | |
| Goblin Shredder | 1 | |
| Wind Rider | 4 | |
| Raider | 2 | |
26 total
» upgrades
| Ranged Weapons | 2 | |
| Reinforced Defenses | 1 | |
| Liquid Fire | 1 | |
| Melee Weapons | 1 | |
| Armor | 1 | |
6 total
» buildings
| Altar of Storms | 1 | |
| Orc Burrow | 6 | |
| War Mill | 1 | |
| Voodoo Lounge | 1 | |
| Watch Tower | 5 | |
| Stronghold | 2 | |
| Beastiary | 2 | |
| Fortress | 2 | |
| Great Hall | 2 | |
22 total
» build order
00:06 Altar of Storms
00:23 Orc Burrow
00:39 War Mill
01:13 Voodoo Lounge
01:51 Watch Tower
02:12 Watch Tower
02:35 Watch Tower
03:36 Stronghold
03:36 Stronghold
03:40 Watch Tower
03:52 Watch Tower
04:00 Orc Burrow
04:01 Orc Burrow
04:02 Orc Burrow
06:29 Beastiary
06:33 Beastiary
06:35 Fortress
11:36 Great Hall
12:20 Great Hall
13:32 Orc Burrow
13:32 Orc Burrow
» items
| Healing Salve | 1 | |
| Lesser Clarity Potion | 1 | |
| Staff of Teleportation | 1 | |
| Staff of Preservation | 1 | |
4 total
Newbs. (
purple | 20 APM | 597 actions | 29:33)
3 Archmage
2 Blizzard
1 Brilliance Aura
» actions
| Basic commands | 20 | |
| Build / train | 58 | |
| Enter build submenu | 22 | |
| Enter hero's abilities submenu | 3 | |
| Right click | 182 | |
| Select / deselect | 236 | |
| Use ability | 76 | |
597 total
» units
| Peasant | 11 | |
| Mortar Team | 9 | |
| Sorceress | 4 | |
24 total
» upgrades
| Gunpowder | 3 | |
| Armor | 5 | |
| Flare | 1 | |
| Fragmentation Shards | 1 | |
| Swords | 1 | |
| Masonry | 2 | |
13 total
» buildings
| Lumber Mill | 1 | |
| Farm | 13 | |
| Scout Tower | 1 | |
| Altar of Kings | 1 | |
| Arcane Tower | 1 | |
| Blacksmith | 1 | |
| Keep | 3 | |
| Castle | 1 | |
| Workshop | 3 | |
| Arcane Vault | 1 | |
| Arcane Sanctum | 1 | |
27 total
» build order
00:27 Lumber Mill
01:14 Farm
01:28 Scout Tower
01:51 Altar of Kings
01:55 Farm
01:57 Arcane Tower
02:38 Blacksmith
02:53 Keep
02:53 Keep
02:53 Keep
03:00 Farm
03:43 Farm
03:56 Farm
04:21 Farm
05:34 Castle
05:44 Workshop
05:45 Workshop
05:48 Workshop
08:15 Farm
10:45 Arcane Vault
11:20 Arcane Sanctum
11:31 Farm
12:44 Farm
12:51 Farm
13:26 Farm
13:48 Farm
14:15 Farm
» items
| Boots of Speed | 1 | |
| Scroll of Protection | 1 | |
| Scroll of Town Portal | 1 | |
3 total
Chat log
(00:53 / All) new.user.name: out lagging kike purp
(00:58 / Allies) mexicat: i go dr
(01:01 / Allies) mexicat: and ranged
(02:08 / All) DOLLY-PARTON: skyrim or fallout 4, what better
(02:12 / All) Ratfink: Ward = nut shot specialist
(02:17 / All) Ratfink: dirtiest fighter in teh world
(05:28 / All) Newbs.: red isn't letting them big ol titties get in the way, she is swinging that BM sword around like a light saber
(05:56 / All) Newbs.: none of you got the joke
(06:01 / All) Newbs.: noone knows who dolly is
(06:03 / All) Newbs.: ahahahahhahahhhahh
(06:20 / All) Newbs.: hint
(06:24 / All) Newbs.: she is a country girl
(06:42 / All) Newbs.: seriously none of you retards know who dolly is?
(06:52 / All) Newbs.: old school broad
(06:53 / All) Ratfink: never heard of her
(07:02 / All) Newbs.: you must be a teenager
(07:06 / All) Ratfink: what's country music
(07:14 / All) Newbs.: ask red
(07:30 / All) Ratfink: is that got something to do with the olympics?
(07:36 / Allies) virgin-noob: wood plz
(07:43 / All) Ratfink: or eurovision or whatever that singing contest is?
(08:59 / All) Ratfink: PUSSIES
(09:00 / All) Ratfink: LOL
(09:01 / All) Ratfink: 2v1
(09:04 / Allies) virgin-noob: wood plz
(09:08 / All) Ratfink: damn that's some bitch made shit
(09:24 / Allies) virgin-noob: wood plz
(10:33 / Allies) ambien: repair
(10:34 / Allies) mexicat: oh well
(10:43 / Allies) ambien: OMG REALLY REP{AIR U FUKK l2p
(10:48 / Allies) mexicat: lol
(10:52 / Allies) new.user.name: raped
(10:53 / All) Newbs.: Pawned
(10:54 / All) Newbs.: Gg
(10:58 / All) Ratfink: lawl
(10:59 / All) new.user.name: gg time for you to leave
(11:00 / All) Newbs.: Nuked
(11:46 / All) Newbs.: yall bitches got scratched
(11:48 / All) Newbs.: and quit
(11:51 / All) new.user.name: that's one pissant army you got fellas
(11:52 / All) Newbs.: I smell pussy
(12:19 / All) Newbs.: all it took was a baby scratch for you pussies to quit
(12:20 / All) Newbs.: lame
(13:32 / All) Newbs.: Way too Easy
(13:37 / All) Newbs.: Cheesecake Easy
(16:34 / All) DOLLY-PARTON: Look at ur base bitchnewbs
(16:37 / All) DOLLY-PARTON: time to leavenub
(16:59 / All) DOLLY-PARTON: out please
(17:14 / All) new.user.name: easy win
(17:14 / All) new.user.name: gg
(17:25 / All) DOLLY-PARTON: purple mh
(17:28 / All) DOLLY-PARTON: and purple lost
(17:37 / All) Ratfink: go to pink base
(17:38 / All) Newbs.: red and red are bending their asses backwards for you
(17:40 / All) Ratfink: let's go boys
(17:45 / All) Newbs.: you must be their Master
(17:46 / All) new.user.name: youre bending your ass backwards purp
(17:50 / All) Ratfink: you don't even make sense
(17:56 / All) Ratfink: ya fucking satan worshipping heathen
(18:01 / All) DOLLY-PARTON: suck my dicky newbs
(18:04 / All) new.user.name: he's speaaking in tongues
(18:12 / All) Ratfink: pink base
(18:20 / All) Newbs.: red and blue are two queer butt buddies
(18:24 / All) Newbs.: orange is their Master
(18:30 / All) new.user.name: lol
(18:30 / All) DOLLY-PARTON: im the gurl
(18:34 / All) Newbs.: two satanic homosexuals
(18:55 / All) Newbs.: red is a fat dude that wants to go through a sex change and look like dolly
(18:57 / All) Ratfink: don't a move whatever you do
(18:58 / All) DOLLY-PARTON: pink didnt even help purple when i was killing him lawl
(19:07 / All) Ratfink: I got a shreddar in there, and he is dear to my heart
(19:09 / All) Newbs.: gays Shall not enter the Kingdom of Heaven
(19:11 / All) DOLLY-PARTON: pinks hippos went right past my bats killing purple
(19:56 / All) Newbs.: doesn't matter to Me, I am watching a movie
(20:03 / All) DOLLY-PARTON: what movie
(20:06 / All) Newbs.: let's watch orange butt rape his two faggies
(20:09 / All) Ratfink: I bet you're watching a movie on spirit cooking
(20:10 / All) DOLLY-PARTON: what movie
(20:13 / All) Ratfink: you devil worshipping faggot
(20:25 / All) Ratfink: charge
(20:28 / All) Newbs.: orange is going to butt rape his faggies blue and red
(20:50 / All) new.user.name: raped
(21:15 / All) Ratfink: aww
(21:42 / All) Newbs.: that means orange may not be the dominant one with red and blue being homosexuals
(21:44 / All) Newbs.: three gays
(21:47 / All) DOLLY-PARTON: im the gurl
(21:49 / All) Newbs.: who is in control?
(21:51 / All) new.user.name: lol
(22:17 / All) Newbs.: orange must be the submissive one in the relationship as well
(22:19 / All) Ratfink: we got a runner
(22:24 / All) Ratfink: right edge
(22:27 / All) new.user.name: stop it with your gay fantasies purp
(22:33 / All) Ratfink: hippogryph runner is trying to make a break for
(22:34 / All) Ratfink: it
(22:35 / All) Newbs.: your a fag
(22:38 / All) DOLLY-PARTON: newbs is funnier than i thought
(22:39 / All) Ratfink: I'm gonna need air support
(22:44 / All) Ratfink: right mid mine
(22:46 / All) new.user.name: only one talking about homosexuals is here
(22:48 / All) Ratfink: heading towards the center of the map
(22:49 / All) new.user.name: what's that say about you faggot
(22:51 / All) Ratfink: requesting back up
(22:54 / All) Newbs.: queers dont go to heaven
(22:56 / All) Ratfink: calling all birds
(23:00 / All) Newbs.: ask JESUS JEHOVA
(23:04 / All) new.user.name: then what's wrong with you
(23:05 / All) Newbs.: it's in the Bible
(23:55 / All) DOLLY-PARTON: i bet u newbs is watching the hannah montana movie
(23:59 / All) Newbs.: out of you three queers, red blue and orange, two are you are submissive and one of you is the dominant one in the relationship
(24:02 / All) Newbs.: who will it be
(24:07 / All) DOLLY-PARTON: lawl
(24:15 / All) DOLLY-PARTON: im the submissive ive already admited it
(24:24 / All) Newbs.: I am JUDE NAZARITE newb
(24:28 / All) Newbs.: what is that?
(24:31 / All) new.user.name: newbs just admitted he's a jew
(24:33 / All) Ratfink: you can run
(24:37 / All) Ratfink: but you can't run forever
(24:40 / All) Ratfink: From the long arm of the law
(25:11 / All) Newbs.: what you going to do when WE Come for you
(25:24 / All) Newbs.: I am JUDE NAZARITE
(25:28 / All) Ratfink: I'll shake in my boots
(25:31 / All) Ratfink: just kidding
(25:32 / All) Newbs.: what are you going to do when WE Come for you
(25:36 / All) Ratfink: I ain't afraid of devil worshipers
(25:41 / All) new.user.name: Me neither
(25:45 / All) Ratfink: The power of Christ compels you
(25:48 / All) Newbs.: satan is MY bitch
(25:57 / All) Ratfink: Purple is a devil worshiper
(26:00 / All) Ratfink: Pay him no heed
(26:01 / All) new.user.name: so you're badder than the devil?
(26:05 / All) Newbs.: blue is so dumb
(26:10 / All) Newbs.: can'tg read why I just typed
(26:18 / All) Ratfink: Purple wears a false face
(26:22 / All) Newbs.: lucifer satan is MY pet, he is MY BITCH
(26:23 / All) Ratfink: He is not a Christian
(26:25 / All) new.user.name: Purp keeps speaking in tongues
(26:26 / All) Newbs.: does as he is told
(26:27 / All) Ratfink: In his heart he has no love for Jesus
(26:31 / All) new.user.name: mark of someone possessed by demons
(26:40 / All) Ratfink: He wears his Christianity like a mask at a masquerade
(26:41 / All) Newbs.: ELOHIM JEHOVAH IS GOD
(26:47 / All) Ratfink: Purple is in league with Satan
(27:03 / All) Newbs.: you give satan way too much credit
(27:12 / All) Newbs.: I Command satan lucifer
(27:28 / All) Ratfink: Shut up devil worshiper
(27:29 / All) Ratfink: SQUELCHED
(27:33 / All) Ratfink: THE POWER OF CHRIST COMPELS YOU
(27:36 / All) Newbs.: orange finish off the queers
(27:38 / All) new.user.name: cant believe theres satanists on battlenet
(27:42 / All) new.user.name: stfu queer
(27:47 / All) Newbs.: these gays just let you win
(27:52 / All) Newbs.: finish them off orange
(27:59 / All) new.user.name: go suck a dick
(28:02 / All) Newbs.: they bent over backwards for you
(28:07 / All) new.user.name: that's what you like doing right
(28:11 / All) Newbs.: I am not a fag like you
(28:15 / All) Newbs.: GET JESUS fool
(28:25 / All) new.user.name: you're definitely a fag
(28:34 / All) Newbs.: zzzzzzzzzzzzzzzz
(28:38 / All) Newbs.: bore Me more
(29:33 / All) new.user.name: plug pulling witchcraft
(29:38 / All) DOLLY-PARTON: who win
(29:48 / All) new.user.name: newbs lose imo
(29:51 / All) DOLLY-PARTON: my teamshit rec
(29:52 / All) DOLLY-PARTON: k